 Dungeon Crawl Stone Soup version 0.20.1-1-g8b1a95d (webtiles) character file.

953 Jazqa the Fighter (level 7, -5/111 HPs)
             Began as a Minotaur Berserker on Oct 23, 2017.
             Was a Priest of Trog.
             Splashed by a jelly's acid (8 damage)
             ... on level 5 of the Dungeon.
             The game lasted 00:09:40 (3292 turns).

Jazqa the Fighter (Minotaur Berserker)              Turns: 3292, Time: 00:09:42

Health: -5/111     AC: -17   Str: 26    XL:     7   Next: 90%
Magic:  6/6        EV: 13    Int:  4    God:    Trog [***...]
Gold:   142        SH:  0    Dex: 12    Spells: 6/6 levels left

rFire    . . .     SeeInvis +   n - +0 whip
rCold    . . .     Gourm    .   (no shield)
rNeg     + . .     Faith    .   o - +0 chain mail
rPois    .         Spirit   .   (helmet restricted)
rElec    .         Reflect  .   q - scarf {repulsion}
rCorr    .         Harm     .   p - +0 pair of gloves
MR       .....                  (no boots)
Stlth    ..........             d - amulet of regeneration
Regen    0.7/turn               l - +4 ring of evasion
MPRegen  0.1/turn               f - ring of positive energy

@: berserking, corroded, repel missiles, very quick
A: retaliatory headbutt, horns 2, see invisible, deformed body
a: Berserk, Trog's Hand, Burn Spellbooks, Renounce Religion


You were on level 5 of the Dungeon.
You worshipped Trog.
Trog was most pleased with you.
You were very hungry.

You visited 1 branch of the dungeon, and saw 5 of its levels.

You collected 142 gold pieces.

Inventory:

Hand Weapons
 n - a +0 whip (weapon)
Armour
 o - a +0 chain mail (worn)
 p - a +0 pair of gloves (worn)
 q - a scarf of repulsion (worn)
Jewellery
 d - an amulet of regeneration (around neck)
 f - a ring of positive energy (right hand)
 l - a +4 ring of evasion (left hand)
Wands
 t - a wand of polymorph (13/24)
Scrolls
 a - 2 scrolls of recharging
 b - 3 scrolls of amnesia {unknown}
 h - 9 scrolls of identify
 r - a scroll of immolation {unknown}
Potions
 e - 2 potions of ambrosia {unknown}
 g - a potion of curing {unknown}
 i - a potion of brilliance
 k - a potion of lignification {unknown}
Comestibles
 c - 5 bread rations
 j - a royal jelly
 m - 6 chunks of flesh
 s - a meat ration


   Skills:
 - Level 11.1 Fighting
 + Level 4.0 Maces & Flails
 - Level 2.6 Armour
 - Level 2.2 Dodging


You had 6 spell levels left.
You didn't know any spells.

Dungeon Overview and Level Annotations

Branches:
Dungeon (5/15)
 Temple: D:4-7

Altars:
Kikubaaqudgha
Ru
Vehumet
Yredelemnul
The Shining One


Innate Abilities, Weirdness & Mutations

You reflexively headbutt those who attack you in melee.
You have a pair of horns on your head.
You have supernaturally acute eyesight. (SInv)
Armour fits poorly on your strangely shaped body.


Message History

The jelly hits you.
You are splashed with acid!
The acid burns!
* * * LOW HITPOINT WARNING * * *
Use which ability? (? or * to list)
A red film seems to cover your vision as you go berserk!
You feel yourself moving faster!
You feel mighty!
You are feeling very hungry.
The jelly hits you.
* * * LOW HITPOINT WARNING * * *
The acid corrodes you!
You are splashed with acid!
The acid burns!
* * * LOW HITPOINT WARNING * * *
You hit the jelly. The acid corrodes you!
Your hands burn!
* * * LOW HITPOINT WARNING * * *
The jelly is almost dead.
You hit the jelly but do no damage.
Your hands burn!
* * * LOW HITPOINT WARNING * * *
The jelly is almost dead.
The jelly hits you.
* * * LOW HITPOINT WARNING * * *
The acid corrodes you!
You are splashed with acid!
The acid burns!
You die...

.≈.............##..#######..###.#
≈.........>######..#.......#..#.#
P.....[....# #..#.......#..#.#
≈.#........# #.####...####.#.#
(.#........######..#.......#....#
..........Jo....o..#...#...#..###
..##############oo.###'#'###...##
..# #J#.....#.....#.## ..#
#@#.....#.....#..# ..#
#.#(..#####...##.# ..#
#.#...._#.....##.. ..#
#.#.....#.....#... ..#
#...###+#+###...<. ..# ##..#...#
#..... ..# #..#.Z.... #.....
#.####...# ##....
#..#.......#.....


You could see a jelly and 3 orcs.

Vanquished Creatures
  Sigmund (D:5)
  A phantom (D:4)
  2 big kobolds (D:4)
  A vampire bat (D:3)
  A crimson imp (D:5)
  2 bullfrog zombies (D:5)
  A bullfrog skeleton (D:4)
  2 hounds
  A jelly (D:5)
  An orc wizard (D:4)
  2 worker ants (D:4)
  A hound zombie (D:5)
  A hound skeleton (D:5)
  9 adders
  3 worms
  A dart slug (D:2)
  A leopard gecko (D:3)
  12 orcs
  2 bat skeletons (D:3)
  3 bat zombies (D:3)
  4 giant cockroaches
  4 goblins
  9 hobgoblins
  14 jackals
  12 kobolds
  2 quokkas
  3 ball pythons
  2 bats
  4 frilled lizards
  4 rats
106 creatures vanquished.

Vanquished Creatures (others)
  A crimson imp (D:5)
1 creature vanquished.

Grand Total: 107 creatures vanquished

Notes
Turn   | Place    | Note
-------+----------+-------------------------------------------
     0 | D:1      | Jazqa the Minotaur Berserker began the quest for the Orb.
     0 | D:1      | Reached XP level 1. HP: 19/19 MP: 0/0
   344 | D:1      | Reached XP level 2. HP: 22/27 MP: 1/1
   622 | D:2      | Reached skill level 4 in Fighting
   865 | D:2      | Reached XP level 3. HP: 34/34 MP: 2/2
  1298 | D:3      | Reached skill level 5 in Fighting
  1378 | D:3      | Gained mutation: Armour fits poorly on your strangely shaped body. [potion of mutation]
  1378 | D:3      | Gained mutation: You have supernaturally acute eyesight. (SInv) [potion of mutation]
  1434 | D:3      | Reached XP level 4. HP: 42/42 MP: 3/3
  1497 | D:3      | Reached ** piety under Trog
  1713 | D:3      | Reached skill level 6 in Fighting
  1880 | D:3      | Found an ancient bone altar of Kikubaaqudgha.
  1884 | D:3      | Reached XP level 5. HP: 51/51 MP: 4/4
  1948 | D:3      | Reached skill level 7 in Fighting
  2202 | D:4      | Reached XP level 6. HP: 61/61 MP: 5/5
  2402 | D:4      | Reached skill level 8 in Fighting
  2627 | D:4      | Reached *** piety under Trog
  2675 | D:4      | Reached skill level 9 in Fighting
  2681 | D:4      | Reached XP level 7. HP: 64/70 MP: 6/6
  2972 | D:5      | Entered Level 5 of the Dungeon
  2974 | D:5      | Found a radiant altar of Vehumet.
  3015 | D:5      | Noticed Sigmund
  3023 | D:5      | Killed Sigmund
  3023 | D:5      | Reached skill level 10 in Fighting
  3125 | D:5      | Found a basalt altar of Yredelemnul.
  3146 | D:5      | Found a glowing golden altar of the Shining One.
  3151 | D:5      | Noticed an angel
  3187 | D:5      | Found a sacrificial altar of Ru.
  3241 | D:5      | Reached skill level 11 in Fighting
  3292 | D:5      | HP: 3/111 [acid (4)]
  3292 | D:5      | Splashed by a jelly's acid

Skill      XL: |  1  2  3  4  5  6  7 |
---------------+----------------------+-----
Maces & Flails | 4 |  4.0
Fighting       | 4 5 6 7 9 11 | 11.1
Armour         | |  2.6
Dodging        | |  2.2

Action                   |  1- 3 |  4- 6 |  7- 9 || total
-------------------------+-------+-------+-------++-------
Melee: Mace              |    21 |       |       ||    21
       Whip              |    46 |   154 |    68 ||   268
       Headbutt          |     2 |    29 |    26 ||    57
Invok: Berserk           |       |     1 |     2 ||     3
  Use: Scroll            |     1 |     5 |       ||     6
       Potion            |     1 |       |       ||     1
  Eat: Chunk             |     1 |     6 |     2 ||     9
Armor: Animal skin       |     3 |       |       ||     3
       Chain mail        |    17 |    63 |    16 ||    96
Dodge: Dodged            |    47 |    92 |    34 ||   173
